 Dungeon Crawl Stone Soup version 0.22.1-1-ga44c0e5 (webtiles) character file.

154 MalarOregon the Shield-Bearer (level 5, 0/47 HPs)
             Began as a Minotaur Fighter on Sept 22, 2018.
             Slain by an orc
             ... wielding a +0 club
              (2 damage)
             ... on level 3 of the Dungeon.
             The game lasted 00:07:13 (1358 turns).

MalarOregon the Shield-Bearer (Minotaur Fighter)    Turns: 1358, Time: 00:07:14

Health: 0/47       AC:  7    Str: 21    XL:     5   Next: 13%
Magic:  4/4        EV:  8    Int:  6    God:
Gold:   78         SH:  9    Dex:  9    Spells: 4/4 levels left

rFire    . . .     SeeInvis .   a - +0 long sword
rCold    . . .     Gourm    .   c - +0 shield
rNeg     . . .     Faith    .   b - +0 scale mail
rPois    .         Spirit   .   (helmet restricted)
rElec    .         Reflect  .   m - scarf {repulsion}
rCorr    .         Harm     .   (no gloves)
MR       .....                  (no boots)
Stlth    ..........             (no amulet)
HPRegen  0.15/turn              (no ring)
MPRegen  0.09/turn              (no ring)

@: lethally poisoned (0 -> -2), repel missiles
A: retaliatory headbutt, horns 2
a: no special abilities


You were on level 3 of the Dungeon.
You were not hungry.

You visited 1 branch of the dungeon, and saw 3 of its levels.

You collected 78 gold pieces.

Inventory:

Hand Weapons
 a - a +0 long sword (weapon)
Armour
 b - a +0 scale mail (worn)
 c - a +0 shield (worn)
 m - a scarf of repulsion (worn)
   (You found it on level 2 of the Dungeon)
Scrolls
 f - 9 scrolls of remove curse {unknown}
 h - 2 scrolls of teleportation {unknown}
 l - a scroll of amnesia {unknown}
 o - a scroll of noise {unknown}
Potions
 d - a potion of might
 i - 2 potions of haste {unknown}
 j - a potion of brilliance {unknown}
 k - a potion of degeneration {unknown}
 n - a potion of resistance {unknown}
Comestibles
 e - 6 rations {!d}
 g - 14 chunks of flesh


   Skills:
 + Level 4.3 Fighting
 * Level 4.1 Long Blades
 + Level 4.2 Armour
 + Level 1.2 Dodging
 * Level 5.0 Shields


You had 4 spell levels left.
You didn't know any spells.
Your spell library was empty.

Dungeon Overview and Level Annotations

Branches:
Dungeon (3/15)

Altars:
Vehumet


Innate Abilities, Weirdness & Mutations

You reflexively headbutt those who attack you in melee.
You have a pair of horns on your head.


Message History

The adder bites you.
You are more poisoned.
The adder poisons you! The orc hits you but does no damage.
The orc closely misses you.
You miss the adder.
You feel sick. You block the adder's attack. The orc barely misses you.
You furiously retaliate!
You headbutt the orc, but do no damage. The orc hits you but does no damage.
The orc hits you with a club. You block the adder's attack.
You block the orc's attack.
You closely miss the adder.
You feel sick. The orc barely misses you.
The adder bites you but does no damage. The orc barely misses you.
The orc hits you. The orc hits you but does no damage.
The adder closely misses you. You furiously retaliate!
You headbutt the adder, but do no damage.
You riposte.
You barely miss the adder. You completely miss the adder.
The orc hits you but does no damage. You block the adder's attack.
The orc hits you.
* * * LOW HITPOINT WARNING * * *
The orc hits you with a flail.
* * * LOW HITPOINT WARNING * * *
The orc hits you but does no damage.
You closely miss the adder.
You feel sick. The adder bites you.
* * * LOW HITPOINT WARNING * * *
The orc closely misses you. You furiously retaliate!
You headbutt the orc.
You riposte.
You hit the orc. You headbutt the orc, but do no damage.
The orc hits you with a flail.
* * * LOW HITPOINT WARNING * * *
The adder bites you but does no damage. The orc hits you with a club.
* * * LOW HITPOINT WARNING * * *
Unknown command.
You closely miss the adder. Your headbutt misses the adder.
You block the adder's attack. You block the orc's attack. The orc misses you.
The orc hits you with a flail.
* * * LOW HITPOINT WARNING * * *
The orc hits you.
* * * LOW HITPOINT WARNING * * *
You block the adder's attack.
Unknown command.
Unknown command.
Unknown command.
Unknown command.
Your shield prevents you from hitting the adder.
You headbutt the adder.
You kill the adder!
Your Shields skill increases to level 5!
* * * LOW HITPOINT WARNING * * *
You feel sick.
The orc priest begins to cast a cantrip, but forgets the words!
The orc hits you with a club.
You die...

#. .# # ####
##.# .# ###.
... ..#
###.### ...
... ...
...... #..#.#
#.###...##
#..#.##
#.##.....#
#.....#
#.###oo.# #
#. #..#
#....†oo#
#.#.##..#
#.####@##
#.......###.#
#o#
###.....÷...#
#o#
#####.#####
... ##.# ...
##..# .....
#####...####
.....
...........+
.......
#####....###


You could see an orc priest and 5 orcs.

Vanquished Creatures
  An orc priest (D:3)
  6 adders
  A worm (D:3)
  A dart slug (D:1)
  A leopard gecko (D:2)
  6 orcs (D:3)
  2 giant cockroaches (D:1)
  4 goblins
  9 hobgoblins
  7 jackals
  8 bats
  2 frilled lizards
  6 kobolds
  6 rats
60 creatures vanquished.

Vanquished Creatures (others)
  2 orcs (D:3)
2 creatures vanquished.

Grand Total: 62 creatures vanquished

Notes
Turn   | Place    | Note
-------+----------+-------------------------------------------
     0 | D:1      | MalarOregon the Minotaur Fighter began the quest for the
                  | Orb.
     0 | D:1      | Reached XP level 1. HP: 19/19 MP: 0/0
    75 | D:1      | Reached XP level 2. HP: 27/27 MP: 1/1
    90 | D:1      | You fall through a shaft!
   153 | D:1      | Reached skill level 4 in Shields
   386 | D:1      | Reached XP level 3. HP: 32/33 MP: 2/2
   868 | D:2      | Found a radiant altar of Vehumet.
   993 | D:2      | Reached XP level 4. HP: 31/40 MP: 3/3
  1207 | D:3      | Reached skill level 1 in Dodging
  1318 | D:3      | Reached XP level 5. HP: 47/47 MP: 4/4
  1358 | D:3      | Reached skill level 5 in Shields
  1358 | D:3      | HP: 2/47 [poisoned by an adder]
  1358 | D:3      | Slain by an orc

Skill      XL: |  1  2  3  4  5 |
---------------+----------------+-----
Shields        | 4 5 |  5.0
Long Blades    | 3 4 |  4.1
Fighting       | 4 |  4.3
Armour         | 4 |  4.2
Dodging        | 1 |  1.2

Action                   |  1- 3 |  4- 6 || total
-------------------------+-------+-------++-------
Melee: Long sword        |   101 |    51 ||   152
       Headbutt          |    12 |     8 ||    20
  Eat: Chunk             |       |     2 ||     2
Armor: Scale mail        |    45 |    29 ||    74
Dodge: Dodged            |    20 |    32 ||    52
Block: Shield            |    42 |    24 ||    66
       Rpst.: Long sword |     6 |     9 ||    15
